 Dungeon Crawl Stone Soup version 0.28-b1-25-g9875b3fc8c (webtiles) character file.

Game seed: 9202836860863652976

235 cbfl8 the Sneak (level 5, 0/46 HPs)
             Began as a Minotaur Delver on Jan 31, 2022.
             Slain by a gnoll (9 damage)
             ... on level 2 of the Dungeon.
             The game lasted 00:08:10 (3900 turns).

cbfl8 the Sneak (Minotaur Delver)                   Turns: 3900, Time: 00:08:11

Health: 0/46       AC:  3    Str: 25    XL:     5   Next: 76%
Magic:  4/4        EV: 12    Int: 10    God:
Gold:   96         SH:  0    Dex: 11    Spells: 4/4 levels left

rFire   . . .      SeeInvis .   i - +4 whip of Fitrog {venom, *Corrode Will+ Int+3}
rCold   . . .      Faith    .   (no shield)
rNeg    . . .      Spirit   .   p - +0 ring mail
rPois   .          Reflect  .   (helmet restricted)
rElec   .          Harm     .   v - +0 cloak
rCorr   .          Rampage  .   e - +0 pair of gloves
Will    +....                   (no boots)
Stlth   ++........              (no amulet)
HPRegen 0.15/turn               t - +6 ring of strength
MPRegen 0.09/turn               (no ring)

@: corroded
A: horns 2, retaliatory headbutt
a: no special abilities


You were on level 2 of the Dungeon.
You visited 1 branch of the dungeon, and saw 5 of its levels.

You collected 118 gold pieces.
You spent 22 gold pieces at shops.

Inventory:

Hand Weapons
 a - a +0 hand axe
 i - the +4 whip of Fitrog (weapon) {venom, *Corrode Will+ Int+3}
   (You found it on level 2 of the Dungeon)

   It poisons the flesh of those it strikes.
   Int:       It affects your intelligence (+3).
   *Corrode:  It may corrode you when you take damage.
   Will:      It increases your willpower.
 w - a +2 dagger of venom
Armour
 b - a +0 leather armour
 e - a +0 pair of gloves (worn)
 p - a +0 ring mail (worn)
 v - a +0 cloak (worn)
Magical Staves
 o - a staff of poison
Jewellery
 t - a +6 ring of strength (left hand)
Wands
 g - a wand of digging (2)
Scrolls
 c - a scroll of fog
 j - a scroll of magic mapping
 k - a scroll of enchant armour
 m - a scroll of vulnerability {unknown}
 n - a scroll of silence {unknown}
 q - a scroll of amnesia {unknown}
Potions
 d - a potion of flight {unknown}
 f - a potion of haste
 h - a potion of mutation {unknown}
 l - a potion of invisibility {unknown}
 r - a potion of degeneration {unknown}
 s - 2 potions of lignification {unknown}
 u - 2 potions of might {unknown}


   Skills:
 + Level 4.2 Fighting
 + Level 4.5 Axes
 + Level 2.7 Armour
 + Level 3.2 Dodging
 + Level 4.9 Stealth


You had 4 spell levels left.
You didn't know any spells.
Your spell library contained the following spells:

 Spells                   Type           Power      Damage    Failure   Level
 Animate Skeleton         Necr           0%         N/A       50%         1
 Pain                     Necr           0%         1d4       50%         1
 Vampiric Draining        Necr           0%         2d6       86%         3


Dungeon Overview and Level Annotations

Branches:
Dungeon (5/15)             Temple (0/1) D:4

Altars:
Fedhas
Hepliaklqana
Makhleb
Wu Jian

Shops:
D:3 *   D:5 =

Portals:
Ossuary: D:4

Annotations:
D:3 3 runed translucent doors, ZappyNine's ghost, amateur KoBr


Innate Abilities, Weirdness & Mutations

You have a pair of horns on your head.
You reflexively headbutt those who attack you in melee.


Message History

You feel sick. The goblin hits you but does no damage.
You are more poisoned.
You hit the goblin.
You kill the goblin!
You feel sick.
You feel sick.
Things that are here:
a +2 dagger of venom; a +0 hunting sling; 22 stones You feel sick.
You feel sick.
Things that are here:
a +2 dagger of venom; a +0 hunting sling; 22 stones
w - a +2 dagger of venom You feel sick.
You start resting.
You feel sick. x3
You are no longer poisoned.
You start resting.
HP restored.
The gnoll shouts!
The gnoll hits you from afar with a +4 halberd!
The gnoll hits you with a +4 halberd!
You barely miss the gnoll. The gnoll hits you with a +4 halberd!
Your corrosive artefact corrodes you!
You hit the gnoll but do no damage.
The gnoll is poisoned.
The gnoll hits you with a +4 halberd.
* * * LOW HITPOINT WARNING * * *
You hit the gnoll.
The gnoll looks as sick as possible!
The gnoll is heavily wounded.
The gnoll closely misses you. You furiously retaliate!
You headbutt the gnoll. You barely miss the gnoll.
The gnoll is almost dead.
The gnoll barely misses you. The gnoll closely misses you.
You furiously retaliate!
You headbutt the gnoll, but do no damage.
You hit the gnoll.
You kill the gnoll!
The gnoll throws a stone.
The stone hits you.
* * * LOW HITPOINT WARNING * * *
The gnoll hits you with a +0 halberd!
You die...

.##.#######...##.##..#.######
..............##.##..#...
....######.......##..#.###
....######....##.##....#
..............##.#......
###.######.#..##.#......
#...# #.#..##.#...... #.###
####.#..##.#...... ..#
.........##@.......
#####.#######.#...........##
...##.#######..##.##.## ...#
.........##.##.# ...##
.........##.##.# ....+
..........#.##.##### ...##
........#.#.##.....# ...#
####.....g#.#..###.####


You could see a gnoll.

Vanquished Creatures
  Pargi (D:3)
  A water moccasin skeleton (D:3)
  3 gnolls
  A howler monkey skeleton (D:5)
  2 adders
  A dart slug (D:3)
  4 ball pythons
  2 bats (D:3)
  4 endoplasms
  A giant cockroach (D:2)
  6 goblins
  3 hobgoblins
  2 quokkas
  2 frilled lizards (D:3)
  7 kobolds
  5 rats
45 creatures vanquished.

Vanquished Creatures (others)
  5 plants (D:3)
5 creatures vanquished.

Grand Total: 50 creatures vanquished

Notes
Turn   | Place    | Note
-------+----------+-------------------------------------------
     0 | D:5      | cbfl8 the Minotaur Delver began the quest for the Orb.
     0 | D:5      | Reached XP level 1. HP: 19/19 MP: 0/0
    23 | D:5      | Reached XP level 2. HP: 24/27 MP: 1/1
    62 | D:5      | Found Lolett's Jewellery Shop.
   136 | D:4      | Found a sand-covered staircase.
   184 | D:3      | Found Laihe's General Store.
   245 | D:3      | Found a runed translucent gate.
   246 | D:3      | Found a runed translucent gate.
   247 | D:3      | Found a runed translucent gate.
   248 | D:3      | Noticed ZappyNine's ghost (amateur KoBr)
   268 | D:3      | Bought a scroll of identify for 22 gold pieces
   347 | D:2      | Found a blossoming altar of Fedhas.
  1295 | D:1      | Reached XP level 3. HP: 31/33 MP: 2/2
  2075 | D:3      | Found an ornate altar of the Wu Jian Council.
  2081 | D:3      | Reached skill level 1 in Armour
  2084 | D:3      | Found a burning altar of Makhleb.
  2232 | D:3      | Found a hazy altar of Hepliaklqana.
  2283 | D:3      | Noticed Pargi
  2303 | D:3      | Killed Pargi
  2304 | D:3      | Reached XP level 4. HP: 13/40 MP: 3/3
  2304 | D:3      | Reached XP level 5. HP: 15/46 MP: 4/4
  2716 | D:3      | Found a faded altar of an unknown god.
  3725 | D:2      | Identified the +4 whip of Fitrog {venom, *Corrode Will+
                  | Int+3}
  3900 | D:2      | Slain by a gnoll

Illustrated notes

Levels and vault maps discovered:
D:1:      beargit_arrival_diablo_church, layout_basic
D:2:      layout_basic, basic_altar, serial_park_tiny_1, feat_on_display
D:3:      layout_basic, nicolae_hepliaklqana_hazy_memory, jmf_multi_god_temple,
          chequers_ecumenical_altar_twisty, serial_shops,
          nicolae_shop_temple_entry_statues_fountains,
          gammafunk_ghost_necromancy, hangedman_decor_points,
          minmay_misc_feat_ornament, nrook_mini_backslash, serial_bayou_pond_d,
          uniq_pargi
D:4:      layout_basic, nicolae_overflow_hidden_temple,
          minmay_temple_entry_large_hall, enter_ossuary_1,
          kennysheep_windowed_goal
D:5:      minmay_polygon_palace, layout_basic, minmay_shop_enchanted_jewellery,
          feat_on_display, uniq_ijyb

Skill      XL: |  1  2  3  4  5 |
---------------+----------------+-----
Axes           | 4 |  4.5
Armour         | 2 |  2.7
Fighting       | 4 |  4.2
Dodging        | 3 |  3.2
Stealth        | |  4.9

Action                   |  1- 3 |  4- 6 || total
-------------------------+-------+-------++-------
Melee: Hand axe          |    84 |    33 ||   117
       Headbutt          |     9 |    11 ||    20
       Punch             |     3 |     2 ||     5
       Whip              |       |     7 ||     7
Evoke: Wand              |     1 |       ||     1
  Use: Scroll            |     3 |       ||     3
       Potion            |     4 |     2 ||     6
 Stab: Sleeping          |     5 |       ||     5
Armor: Leather armour    |     5 |       ||     5
       Ring mail         |    33 |    11 ||    44
Dodge: Dodged            |    63 |    25 ||    88
